Map: Lightshade LE

Players

Cham - Winner!

  • Race: Zerg Zerg
  • League: Grandmaster
  • Spawn Location: 11:00

TheZergLord

  • Race: Zerg Zerg
  • Spawn Location: 5:00

Event: DreamHack SC2 Masters 2020 Winter

VOD

Have the link to the VOD?

Description

Time

  • Played on: Oct. 21, 2020, 3:35 p.m.
  • Length: 7:20

All games in this series

Show
View Real Time Build Order
Export as new Build Order

Cham Zerg - Winner!

Build Orders: Hatch First 

Get SALT Encoding   

  12  0:00  Drone  
  13  0:08  Drone  
  14  0:17  Overlord  
  14  0:36  Drone x2  
  16  0:47  Hatchery  
  15  0:51  Drone  
  16  1:05  Spawning Pool  
  16  1:09  Drone  
  16  1:11  Extractor  
  16  1:13  Drone  
  16  1:17  Drone  
  17  1:21  Drone  
  18  1:31  Drone  
  19  1:51  Queen  
  19  1:53  Zergling x2  
  22  1:54  Overlord  
  22  1:59  Queen, Zergling x2  
  25  2:03  Drone  
  26  2:10  Drone  
  26  2:13  Drone, Metabolic Boost  
  28  2:22  Drone  
  29  2:24  Drone  
  30  2:38  Hatchery  
  30  2:42  Drone  
  30  2:47  Baneling Nest  
  30  2:49  Drone  
  30  2:52  Overlord  
  30  2:58  Drone  
  30  2:59  Zergling x2  
  30  3:03  Drone  
  33  3:06  Zergling x2  
  33  3:16  Zergling x6  
  33  3:17  Zergling x4  
  33  3:19  Zergling x2  
  39  3:22  Zergling x2  
  39  3:23  Zergling x2  
  41  3:29  Overlord  
  41  3:36  Baneling x3  
  41  3:38  Drone x2  
  43  3:48  Drone x2  
  45  3:51  Drone x2  
  45  3:53  Roach Warren  
  46  4:00  Drone  
  46  4:02  Drone x2  
  49  4:03  Drone x2  
  49  4:10  Drone, Zergling x4  
  49  4:15  Drone x3  
  52  4:20  Queen  
  52  4:23  Baneling  
  52  4:24  Baneling  
  53  4:25  Zergling x4  
  53  4:33  Zergling x12  
  53  4:36  Drone  
  53  4:37  Extractor x2  
  53  4:38  Baneling  
  56  4:39  Drone  
  57  4:46  Drone  
  57  4:48  Lair  
  57  4:50  Evolution Chamber, Overlord  
  57  4:51  Drone  
  57  5:07  Overlord  
  57  5:08  Zergling x2  
  57  5:11  Drone x2  
  57  5:13  Drone, Overlord  
  57  5:14  Drone  
  58  5:18  Zerg Missile Weapons Level 1  
  58  5:19  Drone x2, Overlord  
  58  5:20  Roach x2  
  64  5:23  Roach  
  66  5:29  Overlord  
  66  5:30  Baneling  
  66  5:32  Overlord  
  66  5:33  Roach x2  
  66  5:34  Drone  
  68  5:44  Roach  
  68  5:45  Roach x2  
  68  5:46  Roach  
  68  5:47  Drone  
  68  5:48  Drone  
  77  5:54  Drone x3, Extractor, Zergling x4  
  77  5:56  Glial Reconstitution  
  81  5:59  Roach  
  81  6:03  Overlord  
  85  6:04  Roach  
  85  6:08  Roach x2  
  89  6:12  Drone x3  
  89  6:15  Drone  
  89  6:17  Roach  
  95  6:21  Drone x2, Roach  
  95  6:23  Drone  
  95  6:24  Drone x2  
  95  6:25  Drone  
  103  6:34  Extractor  
  103  6:35  Extractor  
  103  6:38  Drone x4  
  102  6:47  Roach x2  
  102  6:48  Roach  
  102  6:50  Roach  
  102  6:53  Roach  
  109  6:55  Hatchery  
  109  6:59  Roach  
  109  7:00  Roach  
  113  7:14  Hydralisk Den  
Show
View Real Time Build Order
Export as new Build Order

TheZergLord Zerg 

Build Orders: Hatch First 

Get SALT Encoding   

  12  0:00  Drone  
  13  0:12  Overlord  
  13  0:18  Drone  
  14  0:31  Drone  
  14  0:32  Drone  
  16  0:48  Hatchery  
  15  0:52  Drone  
  15  0:55  Drone  
  17  0:59  Drone  
  18  1:10  Extractor  
  17  1:14  Spawning Pool  
  17  1:17  Drone  
  17  1:20  Drone  
  18  1:29  Drone  
  19  1:41  Drone  
  20  1:53  Drone  
  21  2:02  Queen x2, Overlord  
  21  2:03  Zergling x2  
  26  2:10  Metabolic Boost  
  26  2:11  Drone  
  26  2:12  Drone  
  28  2:23  Zergling x2  
  28  2:24  Drone  
  30  2:34  Hatchery  
  28  2:42  Zergling x2  
  28  2:44  Drone x2  
  30  2:49  Queen  
  33  2:57  Baneling Nest  
  32  3:00  Overlord  
  30  3:14  Drone  
  30  3:16  Zergling x4  
  30  3:17  Zergling x4  
  35  3:23  Drone x3  
  35  3:26  Evolution Chamber  
  37  3:27  Overlord  
  37  3:29  Drone  
  38  3:34  Drone x2  
  38  3:41  Baneling x4  
  40  3:42  Zergling x2  
  40  3:43  Zergling x2  
  40  3:46  Zergling x2  
  40  3:47  Zergling x2  
  44  3:54  Zergling x6  
  42  4:14  Zergling x10  
  46  4:23  Drone x6  
  51  4:32  Zergling x4  
  51  4:33  Zergling x4  
  51  4:34  Zerg Missile Weapons Level 1  
  55  4:40  Drone x2  
  55  4:44  Roach Warren  
  56  4:48  Overlord  
  56  4:51  Baneling  
  56  4:52  Baneling  
  55  4:54  Zergling x4  
  55  4:56  Overlord x3  
  48  5:19  Extractor  
  47  5:22  Overlord  
  47  5:26  Roach x2  
  47  5:27  Roach x4  
  58  5:33  Roach, Zergling x6  
  58  5:47  Drone x2  
  58  5:48  Drone x6  
  65  5:51  Extractor  
  64  5:57  Drone x5  
  64  5:59  Drone, Lair  
  70  6:10  Drone x8  
  75  6:19  Overlord  
  75  6:22  Drone x2  
  75  6:24  Queen  
  77  6:29  Extractor  
  77  6:30  Extractor  
  77  6:32  Drone x4  
  79  6:33  Drone x4  
  83  6:40  Extractor  
  83  6:42  Roach x2  
  83  6:43  Roach  
  86  6:48  Roach  
  86  6:52  Roach  
  86  6:53  Ravager x2  
  88  6:54  Roach  
  88  6:55  Roach x3  
Tags
 
Add a new tag
Caveats
  • Supply blocks, unpowered buildings, or Contaminate may cause inaccurate times.
  • Supply counts are checked every 10 seconds.